 Dungeon Crawl Stone Soup version 0.18.1-50-g88ac8fd (webtiles) character file.

109 Qew7 the Sneak (level 4, -3/30 HPs)
             Began as an Octopode Assassin on Oct 17, 2016.
             Slain by Terence
             ... wielding a +0 short sword of draining
              (7 damage)
             ... on level 3 of the Dungeon.
             The game lasted 00:07:21 (1709 turns).

Qew7 the Sneak (Octopode Assassin)                  Turns: 1709, Time: 00:07:23

Health: -3/30      AC:  1    Str: 11    XL:     4   Next: 90%
Magic:  4/4        EV: 11    Int: 13    God:
Gold:   108        SH:  0    Dex: 13    Spells: 0 memorised, 3 levels left

rFire  . . .     SeeInvis .     a - +2 dagger
rCold  . . .     Gourm    .     (no shield)
rNeg   . . .     Faith    +     (helmet restricted)
rPois  .         Spirit   .     l - amulet of faith
rElec  .         Dismiss  .     (no ring)
rCorr  .         Reflect  .     (no ring)
SustAt .         Harm     .     (no ring)
MR     .....                    (no ring)
Stlth  +++++.....               (no ring)
                                (no ring)
                                (no ring)
                                (no ring)

@: heavily drained, not resistant to hostile enchantments, quite stealthy
A: almost no armour, amphibious, 8 rings, constrict 8, camouflage 1, gelatinous
body 1
a: no special abilities


You were on level 3 of the Dungeon.
You were not hungry.

You visited 1 branch of the dungeon, and saw 3 of its levels.

You collected 108 gold pieces.

Inventory:

Hand Weapons
 a - a +2 dagger (weapon)
 b - a +0 blowgun
Missiles
 c - 5 poisoned needles
 d - 2 curare-tipped needles
Jewellery
 l - an amulet of faith (around mantle)
Scrolls
 e - 2 scrolls of enchant armour
 m - a scroll of identify
Potions
 h - a potion of flight
 i - a potion of resistance
 j - a potion of curing {unknown}
 k - a potion of brilliance {unknown}
 n - a potion of lignification
Comestibles
 f - a bread ration
 g - a beef jerky


   Skills:
 + Level 2.4(1.1) Fighting
 + Level 2.3(1.0) Short Blades
 - Level 2.0(0.8) Throwing
 + Level 1.5(0.2) Dodging
 + Level 7.6(6.1) Stealth


You had 3 spell levels left.
You didn't know any spells.

Dungeon Overview and Level Annotations

Branches:
Dungeon (3/15)

Altars:
Fedhas

Annotations:
D:3 Terence


Innate Abilities, Weirdness & Mutations

You cannot wear most types of armour.
You are amphibious.
You can wear up to eight rings at the same time.
You can use your tentacles to constrict eight enemies at once.
Your skin changes colour to match your surroundings (Stealth).
Your rubbery body absorbs attacks (AC +1).


Message History

Terence hits you with a short sword of draining.
You feel drained.
* * * LOW HITPOINT WARNING * * *
The bat completely misses you.
You closely miss the bat. You grab the bat.
You constrict Terence, but do no damage.
You constrict the bat. The bat hits you but does no damage.
The bat struggles to escape constriction.
Terence hits you with a short sword of draining.
* * * LOW HITPOINT WARNING * * *
You feel drained.
* * * LOW HITPOINT WARNING * * *
The bat struggles to escape constriction.
You hit the bat but do no damage. You squeeze the bat, but do no damage.
The bat is moderately wounded.
You constrict Terence, but do no damage.
You constrict the bat. The bat hits you but does no damage.
The bat struggles to escape constriction.
Terence hits you with a short sword of draining!
You die...

#. ... ..#
#########..(#. #.
#......@.(....
#.###.....@...=.#
#........b.(....#
.###.....##.###....#
............# ...##
..#.......####.#..#
............(..(....
$..#........#.##..#.#
.........(<#......#.#
.......((รท..(###.


You could see Terence and a bat.

Vanquished Creatures
  4 adders (D:2)
  An ooze (D:2)
  A worm (D:2)
  3 dart slugs
  2 giant cockroaches
  6 goblins
  7 hobgoblins
  7 jackals
  10 kobolds
  3 ball pythons
  6 bats
  2 giant newts
  7 rats
59 creatures vanquished.

Notes
Turn   | Place    | Note
--------------------------------------------------------------
     0 | D:1      | Qew7 the Octopode Assassin began the quest for the Orb.
     0 | D:1      | Reached XP level 1. HP: 14/14 MP: 1/1
   144 | D:1      | Reached XP level 2. HP: 19/19 MP: 2/2
   221 | D:1      | Reached skill level 6 in Stealth
   369 | D:1      | Reached XP level 3. HP: 20/24 MP: 3/3
   759 | D:2      | Reached skill level 7 in Stealth
   759 | D:2      | Reached XP level 4. HP: 10/29 MP: 4/4
  1274 | D:2      | Found a blossoming altar of Fedhas.
  1698 | D:3      | Noticed Terence
  1709 | D:3      | Slain by Terence

Skill      XL: |  1  2  3 |
---------------+----------+-----
Stealth        | 6 7 |  7.6
Fighting       | |  2.4
Short Blades   | |  2.3
Throwing       | |  2.0
Dodging        | |  1.5

Action                   |  1- 3 |  4- 6 || total
-------------------------+-------+-------++-------
Melee: Dagger            |    64 |    57 ||   121
       Constrict         |    14 |    12 ||    26
       Tentacles         |    10 |     6 ||    16
 Fire: Blowgun           |       |     3 ||     3
  Use: Scroll            |     3 |     2 ||     5
 Stab: Sleeping          |    17 |     6 ||    23
  Eat: Bread ration      |       |     1 ||     1
Armor: Skin              |     4 |     6 ||    10
Dodge: Dodged            |    39 |    47 ||    86
